AoeStats
← mtcossack

Fortress

508526060Analyzed
2v2 RM · 9d ago on Sep 22, 2026· 69m 5s· 4 players
Game mode
Random Map
Map size
Normal (6 player)
Population
200
Speed
Normal
Resources
Standard
Victory
Conquest
Starting age
Dark Age
Ending age
Imperial Age
RankedLock teamsTeams togetherTeam positionsShared explorationLock speedFull tech treeHidden civsTurbo modeCheats
Victory
Defeat
🇳🇴 Danes · Norway
798
+13
🇳🇴 Varangians · Norway
750
+14
🇺🇸 Bohemians · United States
734
-14
🇺🇸 Burgundians · United States
715
-13
JOE.GOAT
8:05 Feudal Age
8:23 Horse Collar
13:53 Castle Age
12:05 Double-Bit Axe
12:22 Heavy Plow
14:12 Bow Saw
16:53 Wheelbarrow
18:15 Two-Man Saw
17:26 Loom
17:27 Town Watch
17:34 Gold Mining
17:34 Stone Mining
18:59 Gold Shaft Mining
18:46 Hand Cart
20:44 Stone Shaft Mining
22:15 Caravan
23:53 Town Patrol
25:36 Crop Rotation
28:14 Forging
28:29 Ballistics
29:40 Fortified Wall
32:16 Husbandry
32:19 Murder Holes
35:46 Imperial Age
34:35 Iron Casting
34:05 Scale Barding Armor
33:23 Cavalier
36:41 Chain Barding Armor
39:13 Chemistry
39:07 Hoardings
38:36 Padded Archer Armor
38:28 Fletching
59:07 Padded Archer Armor
59:09 Bodkin Arrow
mtcossack
6:48 Feudal Age
8:16 Double-Bit Axe
8:24 Horse Collar
12:54 Castle Age
13:07 Wheelbarrow
14:26 Bow Saw
14:46 Heavy Plow
15:37 Fervor
16:42 Hand Cart
16:58 Town Watch
17:01 Loom
18:04 Town Patrol
20:41 Ballistics
20:31 Scale Barding Armor
21:33 Forging
23:52 Wagenburg Tactics
24:15 Caravan
24:39 Light Cavalry
27:32 Chemistry
27:24 Husbandry
27:22 Fletching
31:03 Imperial Age
29:42 Sanctity
31:18 Scale Mail Armor
31:54 Iron Casting
33:13 Conscription
33:32 Siege Engineers
33:11 Pikeman
33:52 Squires
33:44 Arson
34:06 Halberdier
34:18 Houfnice
34:58 Murder Holes
35:14 Masonry
34:58 Elite Hussite Wagon
36:31 Man-at-Arms
37:36 Bodkin Arrow
38:19 Bracer
41:18 Chain Mail Armor
46:49 Blast Furnace
46:20 Plate Mail Armor
48:37 Padded Archer Armor
48:42 Elite Skirmisher
50:07 Leather Archer Armor
56:53 Hussite Reforms
57:56 Block Printing
58:38 Ring Archer Armor
59:18 Two-Man Saw
59:09 Illumination
Lænsmannj
9:23 Feudal Age
7:40 Loom
10:24 Gold Mining
11:34 Double-Bit Axe
16:16 Castle Age
14:56 Scale Barding Armor
15:04 Forging
15:41 Bloodlines
15:38 Stone Mining
18:31 Iron Casting
18:04 Scale Barding Armor
18:47 Bow Saw
20:39 Horse Collar
21:06 Fletching
21:18 Scale Mail Armor
21:16 Gambesons
22:56 Wheelbarrow
24:23 Husbandry
24:27 Treadmill Crane
25:25 Fortified Wall
25:10 Light Cavalry
26:33 Chain Barding Armor
26:09 Bodkin Arrow
29:53 Squires
34:45 Imperial Age
32:20 Scale Mail Armor
31:45 Man-at-Arms
32:12 Arson
33:38 Hand Cart
33:09 Town Watch
33:33 Murder Holes
33:59 Ballistics
34:01 Caravan
34:32 Chain Mail Armor
36:28 Conscription
35:52 Elite Jarl
36:35 Heavy Plow
38:00 Blast Furnace
40:11 Plate Barding Armor
39:38 Bracer
39:06 Vendel Legacy
39:11 Onager
41:13 Two-Man Saw
41:48 Crop Rotation
40:41 Gothikon
41:55 Plate Mail Armor
44:05 Cavalier
44:31 Pikeman
48:43 Padded Archer Armor
51:33 Elite Skirmisher
52:07 Cranequins
52:18 Heavy Mounted Crossbowman
54:12 Leather Archer Armor
56:05 Heavy Scorpion
57:23 Stone Shaft Mining
57:34 Siege Engineers
58:38 Chemistry
58:15 Ring Archer Armor
58:34 Capped Ram
63:13 Siege Ram
A.haug
8:35 Feudal Age
9:26 Horse Collar
12:18 Castle Age
11:00 Gold Mining
12:07 Wheelbarrow
12:15 Double-Bit Axe
17:57 Bow Saw
18:12 Loom
19:40 Squires
21:02 Murder Holes
22:43 Gold Shaft Mining
22:46 Heavy Plow
25:35 Imperial Age
23:14 Stone Mining
23:52 Ballistics
24:27 Forging
26:48 Iron Casting
26:14 Scale Mail Armor
26:37 Conscription
25:40 Hamask
27:01 Siege Engineers
28:22 Caravan
28:52 Coinage
33:15 Blast Furnace
32:31 Chain Mail Armor
32:08 Fletching
32:53 Capped Ram
33:59 Elite Jomsviking
37:43 Plate Mail Armor
37:09 Bodkin Arrow
41:59 Scale Barding Armor
41:55 Padded Archer Armor
41:55 Bracer
52:18 Heavy Scorpion
53:39 Hand Cart
53:10 Town Watch
54:07 Stone Shaft Mining
53:26 Arson
53:02 Elite Varangian Guard
53:28 Gambesons
53:04 Man-at-Arms
53:04 Pikeman
53:08 Northmen's Fury
54:23 Hoardings
53:37 Arrowslits
54:52 Chemistry
54:03 Masonry
54:17 Chain Barding Armor
54:13 Leather Archer Armor
53:24 Onager
53:25 Siege Ram
53:32 Siege Ram
62:21 Husbandry
62:32 Bloodlines
61:42 Light Cavalry
65:55 Cranequins
65:55 Heavy Mounted Crossbowman
66:41 Thumb Ring
65:57 Crossbowman
69:48 Redemption
69:49 Fervor
69:54 Block Printing
70:05 Illumination
69:40 Devotion
70:16 Theocracy
70:01 Sanctity
69:04 Siege Onager
Connection lost

Rejoining the realm…

Still unreachable

The connection could not be restored.

Session expired

The server has moved on; the page needs a fresh start.